 Dungeon Crawl Stone Soup version 0.23.2-1-ga50397a6bc (webtiles) character file.

Game seed: 2005306444617430114

34 Ethylacetat the Cudgeler (level 3, -3/32 HPs)
             Began as a Naga Gladiator on May 9, 2019.
             Killed from afar by Sigmund (6 damage)
             ... with a magic dart
             ... on level 2 of the Dungeon.
             The game lasted 00:03:59 (1128 turns).

Ethylacetat the Cudgeler (Naga Gladiator)           Turns: 1128, Time: 00:03:59

Health: -3/32      AC:  3    Str: 16    XL:     3   Next: 31%
Magic:  3/3        EV: 12    Int:  8    God:
Gold:   3          SH:  0    Dex: 13    Spells: 2/2 levels left

rFire    . . .     SeeInvis +   a - +0 flail
rCold    . . .     Gourm    .   (no shield)
rNeg     . . .     Faith    .   b - +0 leather armour
rPois    +         Spirit   .   c - +0 helmet
rElec    .         Reflect  .   (no cloak)
rCorr    .         Harm     .   (no gloves)
MR       .....                  (no barding)
Stlth    +.........             p - amulet of rage
HPRegen  0.10/turn              n - +2 ring of evasion
MPRegen  0.08/turn              (no ring)

@: very slow
A: large, see invisible, deformed body, poison resistance, slowness 2, slow
metabolism 1, spit poison 1, AC +1
a: Spit Poison, Evoke Berserk Rage


You were on level 2 of the Dungeon.
You were not hungry.

You visited 1 branch of the dungeon, and saw 2 of its levels.

You collected 3 gold pieces.

Inventory:

Hand Weapons
 a - a +0 flail (weapon)
Armour
 b - a +0 leather armour (worn)
 c - a +0 helmet (worn)
Jewellery
 n - a +2 ring of evasion (left hand)
 p - an amulet of rage (around neck)
Scrolls
 e - 2 scrolls of amnesia {unknown}
 g - a scroll of identify {unknown}
 i - 4 scrolls of teleportation {unknown}
 k - 2 scrolls of enchant weapon {unknown}
 l - a scroll of fear {unknown}
 o - a scroll of magic mapping {unknown}
Potions
 h - 2 potions of haste {unknown}
 m - a potion of degeneration {unknown}
Comestibles
 f - 2 rations
 j - a chunk of flesh


   Skills:
 + Level 2.2 Fighting
 + Level 3.4 Maces & Flails
 + Level 1.8 Throwing
 + Level 0.4 Armour
 + Level 2.9 Dodging
 + Level 0.9 Stealth


You had 2 spell levels left.
You didn't know any spells.
Your spell library was empty.

Dungeon Overview and Level Annotations

Branches:
Dungeon (2/15)

Altars:

Annotations:
D:2 Sigmund


Innate Abilities, Weirdness & Mutations

You cannot wear boots.
Your serpentine skin is tough. (AC +1)
You have supernaturally acute eyesight. (SInv)
Armour fits poorly on your strangely shaped body.
Your system is resistant to poisons. (rPois)
You cover ground very slowly.
You have a slow metabolism.
You can spit poison.


Message History

Sigmund struggles against the net.
Sigmund struggles against the net.
Sigmund gestures at you while chanting. You resist with some effort.
Sigmund struggles against the net.
You bump into the rock wall.
You bump into the rock wall.
You have got your breath back.
Sigmund says, "I'm your fate."
Sigmund struggles against the net.
You're too confused to move!
Sigmund looks more healthy.
Sigmund gestures at you while chanting. The magic dart hits you.
* * * LOW HITPOINT WARNING * * *
Sigmund struggles against the net.
The net rips apart, and Sigmund comes free!
You bump into the rock wall.
You feel less confused. Sigmund gestures at you while chanting.
The magic dart hits you.
You die...

#...........#....
#..#####.##...###
#..# #.###.....
#.(#####.###.....
##..........÷.####
#..............#
#@.......###.#.##
#....###.###....##
#@....(...........
#....###.###.....#
#....###.# #......
#(.......# #.....#
##...#######.....#
#.......##....###
##.............##.
#...#.##.##...##..
#.#>..##.###÷####.


You could see Sigmund.

Vanquished Creatures
  2 dart slugs (D:1)
  A worm (D:2)
  A leopard gecko (D:2)
  6 goblins (D:1)
  4 hobgoblins (D:1)
  4 bats (D:1)
  4 frilled lizards (D:2)
  5 rats
27 creatures vanquished.

Notes
Turn   | Place    | Note
-------+----------+-------------------------------------------
     0 | D:1      | Ethylacetat the Naga Gladiator began the quest for the Orb.
     0 | D:1      | Reached XP level 1. HP: 19/19 MP: 1/1
   134 | D:1      | Reached XP level 2. HP: 14/26 MP: 2/2
   480 | D:1      | Reached XP level 3. HP: 30/32 MP: 3/3
  1107 | D:2      | Noticed Sigmund
  1128 | D:2      | Killed from afar by Sigmund

Action                   || total
-------------------------++-------
Melee: Flail             ||    63
Throw: Throwing net      ||     3
 Abil: Spit Poison       ||     8
  Eat: Chunk             ||     1
Armor: Leather armour    ||    20
Dodge: Dodged            ||    47
